 Dungeon Crawl Stone Soup version 0.29-a0-275-g389c0b56f3 (webtiles) character file.

Game seed: 11616726314002284705

198769 Grinfader the Eclecticist (level 19, -7/143 HPs)
             Began as a Djinni Conjurer on Mar 10, 2022.
             Was the Champion of Makhleb.
             Killed from afar by Aizul (9 damage)
             ... with a poison arrow
             ... on level 2 of the Shoals on Mar 12, 2022.
             The game lasted 03:37:17 (25812 turns).

Grinfader the Eclecticist (Djinni Conjurer)        Turns: 25812, Time: 03:37:17

Health: -7/143     AC: 16    Str:  8    XL:     19   Next: 15%
Gold:   3297       EV: 15    Int: 27    God:    Makhleb [******] SH: 13 Dex: 14

rFire   + + +      SeeInvis .   g - +4 long sword (venom)
rCold   . . .      Faith    .   N - +2 kite shield {rF+}
rNeg    . . .      Spirit   .   T - +3 leather armour {rC+}
rPois   ∞          Reflect  .   A - +2 hat {Int+3}
rElec   .          Harm     .   k - +2 cloak
rCorr   .          Rampage  .   R - +2 pair of gloves
Will    +....                   (boots unavailable)
Stlth   ++++......              j - amulet of regeneration
HPRegen 1.13/turn               q - ring of wizardry
MPRegen 0.00/turn               S - ring "Etar" {rF+ Slay+5}

@: flying, mesmerised
A: sickness immunity, fire resistance 2, cold vulnerability 1, float, innate
caster, HP casting, extra vitality 1
}: 1/15 runes: gossamer
a: Renounce Religion, Minor Destruction, Lesser Servant of Makhleb, Major
Destruction, Greater Servant of Makhleb


You were on level 2 of the Shoals.
You worshipped Makhleb.
Makhleb was exalted by your worship.
You visited 6 branches of the dungeon, and saw 30 of its levels.
You visited 1 bazaar.

You collected 4310 gold pieces.
You spent 1013 gold pieces at shops.

Inventory:

Hand Weapons
 g - a +4 long sword of venom (weapon)
Missiles
 e - 8 throwing nets
Armour
 c - +1 steam dragon scales
 k - a +2 cloak (worn)
 r - a +2 robe of cold resistance
 A - a +2 hat of intelligence (worn)
 N - a +2 kite shield of fire resistance (worn)
 R - a +2 pair of gloves (worn)
 T - a +3 leather armour of cold resistance (worn)
Magical Staves
 K - a staff of air
Jewellery
 b - a ring of resist corrosion
 d - an amulet of reflection
 j - an amulet of regeneration (around neck)
 q - a ring of wizardry (left hand)
 x - a +4 ring of evasion
 O - a +6 ring of strength
 Q - a ring of fire
 S - the ring "Etar" (right hand) {rF+ Slay+5}
   (You found it on level 3 of the Spider Nest)

   [ring of protection from fire]

   Slay:      It affects your accuracy & damage with ranged weapons and melee
   (+5).
   rF:        It protects you from fire.
Wands
 a - a wand of flame (32)
 p - a wand of mindburst (16)
 u - a wand of charming (12)
 y - a wand of acid (9)
 C - a wand of polymorph (21)
 F - a wand of iceblast (16)
 H - a wand of digging (7)
 I - a wand of paralysis (6)
Scrolls
 i - a scroll of brand weapon
 l - 6 scrolls of magic mapping
 m - a scroll of holy word
 n - 9 scrolls of identify
 v - 13 scrolls of teleportation
 D - a scroll of fear
 E - 3 scrolls of blinking
 J - a scroll of summoning
 M - 2 scrolls of enchant weapon
Potions
 f - 2 potions of resistance
 h - 14 potions of curing
 s - 4 potions of ambrosia
 t - 3 potions of haste
 w - 3 potions of invisibility
 z - 7 potions of lignification
 B - 3 potions of attraction
 G - 4 potions of berserk rage
 L - 4 potions of might
 P - a potion of cancellation
Miscellaneous
 o - a lightning rod (3/4)


   Skills:
 + Level 15.0 Fighting
 - Level 10.0 Armour
 + Level 10.4 Dodging
 - Level 8.0 Stealth
 - Level 9.8 Shields
 * Level 16.7 Spellcasting
 - Level 10.0 Invocations
 - Level 3.0 Evocations


You couldn't memorise any spells.
You knew the following spells:

 Your Spells              Type           Power      Damage    Failure   Level
a - Magic Dart            Conj           100%       1d8       0%          1
b - Searing Ray           Conj           100%       2d8       0%          2
c - Dazzling Flash        Conj/Hex       100%       N/A       0%          3
d - Fulminant Prism       Conj/Hex       42%        3d20      1%          4
e - Iskenderun's Mystic   Conj/Tloc      85%        2d17      1%          4
f - Sandblast             Erth           100%       2d20      0%          1
g - Static Discharge      Conj/Air       85%        N/A       0%          2
h - Corpse Rot            Necr/Air       100%       N/A       0%          2
i - Mephitic Cloud        Conj/Pois/Air  85%        N/A       0%          3
j - Passage of Golubria   Tloc           85%        N/A       1%          4
k - Summon Mana Viper     Hex/Summ       85%        N/A       1%          5
l - Eringya's Noxious Bo  Tmut/Pois      42%        N/A       1%          6
m - Enfeeble              Hex            42%        N/A       2%          7
n - Spellforged Servitor  Conj/Summ      42%        N/A       2%          7
Your spell library was empty.

Dungeon Overview and Level Annotations

Branches:
Dungeon (15/15)            Temple (1/1) D:4            Lair (6/6) D:9
 Shoals (2/4) Lair:4       Spider (4/4) Lair:2        Slime (0/5) Lair:6
    Orc (2/2) D:9             Elf (0/3) Orc:2        Vaults (0/5) D:14
 Depths (0/4) D:15

Altars:
Ashenzari
Cheibriados
Elyvilon
Hepliaklqana
Makhleb
Nemelex Xobeh
Ru
Sif Muna
Vehumet
Xom
Yredelemnul
Beogh

Shops:
D:4 [   D:9 [   Orc:2 [:?*(   Shoals:1 [

Portals:
Bazaar: Shoals:2
Trove: D:12 (give +5 ice dragon scales)

Annotations:
Lair:6 exclusion: 3 oklob plants
Shoals:2 Aizul; Ilsuiw
Spider:1 1 runed translucent door, cheburek's ghost, adept TrFi


Innate Abilities, Weirdness & Mutations

You are immune to sickness and miasma.
You are immune to poison.
Your flesh is very heat resistant. (rF++)
You are vulnerable to cold. (rC-)
You float through the air rather than walking.
You learn spells naturally, not from books.
Your magical power is your life essence.
You have superior vitality. (+4 MHP)


Message History

Aiming: Fulminant Prism (safe; 1% risk of failure)
Press: ? - help, Dir - move target You conjure a prism of explosive energy!
The wind drake hisses angrily.
* * * LOW HITPOINT WARNING * * *
A fulminant prism comes into view.
Ilsuiw closely misses you.
Okay, then.
Okay, then.
Aiming: Thunderbolt
Press: ? - help, Shift-Dir - straight line
Okay, then.
Unknown command.
You cannot move away from the merfolk siren!
Aiming: Thunderbolt
Press: ? - help, Shift-Dir - straight line
Okay, then.
Aiming: Iceblast
Press: ? - help, Shift-Dir - straight line, f - fulminant prism
Aim: a fulminant prism (friendly)
Okay, then.
Ilsuiw hits you but does no damage.
A merfolk comes into view. It is wielding a +0 trident.
The merfolk siren chants its luring song.
Your fulminant prism crackles loudly.
Aiming: Thunderbolt
Press: ? - help, Shift-Dir - straight line The thunderbolt hits the merfolk siren!
The merfolk siren is almost dead.
The wind drake flaps its wings at you. The air twists around and strikes you.
* * * LOW HITPOINT WARNING * * *
Ilsuiw casts a spell at you. The shard of ice hits you!!
* * * LOW HITPOINT WARNING * * *
The faun shoots a sling bullet.
The sling bullet hits you.
* * * LOW HITPOINT WARNING * * *
Aizul casts a spell at you. The poison arrow hits you! You partially resist.
You die...

**≈≈≈≈≈≈≈≈≈≈≈≈≈≈≈≈≈≈≈≈≈≈,,≈≈≈≈≈≈≈
≈≈≈≈≈≈≈,,≈≈≈≈≈≈≈≈≈≈≈≈≈≈≈≈,≈≈≈≈≈≈≈
≈≈≈≈≈≈≈,,..≈≈≈≈≈≈≈≈≈≈..≈≈,≈≈≈≈≈≈≈
≈*≈≈≈≈≈,,....≈≈≈≈≈≈≈...≈≈,,≈≈≈≈≈≈
≈≈≈≈≈≈≈,,.....≈≈≈≈≈≈.....,,≈≈≈≈≈≈
≈≈≈≈≈≈≈.,##...≈≈.........,,,≈≈≈≈≈
≈≈≈≈≈,...#.......k(......,,,≈≈≈≈≈
≈≈≈≈≈,...................,,,≈≈≈≈≈
≈≈≈,≈≈?>....!...@........,≈≈≈≈≈≈≈
≈,,,,...................≈,≈≈≈≈≈≈≈
≈≈,,,.≈..........m.....≈≈≈≈≈≈≈≈≈≈
...,,...........(*....≈≈≈≈≈≈≈≈≈≈≈
..c#*#....?.......≈≈≈≈≈≈≈≈≈≈≈≈≈≈≈
≈≈..##....mm...†.≈≈≈≈≈≈≈≈≈≈≈≈≈≈≈≈
≈≈mE......≈≈≈≈≈.Sm≈<∩>≈≈≈≈≈≈≈≈≈≈≈
≈≈≈.m..≈≈≈≈≈c≈8≈$≈≈≈≈≈≈≈≈≈≈≈≈≈≈≈≈
≈..mS..≈≈≈≈≈≈≈≈≈≈≈≈≈≈≈≈≈≈≈≈≈≈≈≈≈≈


You could see Ilsuiw (very poisoned, ally target), Aizul, a wind drake (repels
missiles), a merfolk, a faun, a merfolk siren (mesmerising), a water nymph and a
friendly fulminant prism.

Vanquished Creatures
  Bai Suzhen (Spider:3)
  Nikola (Spider:3)
  Jorgrun (Spider:2)
  Rupert (D:12)
  Asterion (Spider:2)
  Kirke (D:13)
  Donald (Spider:4)
  6 emperor scorpions
  5 ghost moths
  An orc warlord (Orc:1)
  An ironbound preserver (D:14)
  4 broodmothers
  2 spark wasps
  2 entropy weavers
  An ettin (D:15)
  An ettin (shapeshifter) (D:14)
  Snorg (D:13)
  A merfolk impaler (Shoals:1)
  Josephine (D:12)
  9 hydras
  A radroach (Spider:2)
  A jorogumo (Spider:3)
  8 centaur warriors
  A ghost crab (Spider:4)
  An alligator snapping turtle (Shoals:1)
  8 boulder beetles
  3 ogre magi
  Erica (D:9)
  A merfolk avatar (Shoals:1)
  A death knight (D:15)
  20 two-headed ogres
  7 death yaks
  2 catoblepae
  2 merfolk aquamancers (Shoals:1)
  A deep troll shaman (Lair:6)
  4 tengu warriors (D:15)
  An orc high priest (Orc:2)
  A skeletal warrior (D:15)
  Lodul (D:12)
  8 orb spiders
  5 pharaoh ants
  7 sea snakes
  An orc knight (D:15)
  A wizard (D:15)
  5 steelbarb worms
  3 harpies (Shoals:2)
  A necromancer (D:15)
  A deep elf pyromancer (D:12)
  13 ugly things
  9 cyclopes
  5 fauns
  21 wolf spiders
  6 manticores
  3 moths of wrath
  6 orc sorcerers
  14 elephants
  4 black mambas
  7 torpor snails
  17 cane toads
  Joseph (D:7)
  2 water nymphs (Shoals:1)
  4 gargoyles
  A kobold demonologist (D:9)
  Psyche (D:10)
  An unseen horror (D:12)
  12 demonic crawlers
  10 komodo dragons
  A yaktaur (D:15)
  Maggie (D:8)
  3 rime drakes
  An efreet (D:14)
  3 freezing wraiths
  7 trolls
  10 merfolk
  2 hornets
  8 meliai
  A polar bear (Lair:6)
  3 wind drakes
  10 slime creatures
  5 tyrant leeches (Spider:4)
  24 tarantellas
  16 blink frogs
  20 dream sheep
  18 jumping spiders
  2 snapping turtles (Shoals:1)
  2 vampires (D:9)
  6 wraiths
  2 shadows
  14 culicivoras
  41 yaks
  5 water elementals (Shoals:1)
  7 wyverns
  37 redbacks
  4 steam dragons
  3 hogs (D:13)
  A basilisk (Lair:6)
  12 vampire mosquitoes
  Menkaure (D:7)
  5 wargs (Orc:1)
  2 acid dragons
  20 water moccasins
  5 sky beasts
  2 black bears
  22 orc warriors
  2 ice beasts (D:5)
  19 wolves
  15 ogres
  A boggart (D:10)
  A centaur (D:5)
  A phantom (D:5)
  7 bullfrogs
  A gnoll sergeant (Orc:2)
  7 necrophages
  4 scorpions (D:5)
  6 wights
  10 killer bees
  5 howler monkeys
  An electric eel (Spider:4)
  4 centaur zombies
  A lava snake (Lair:6)
  3 hounds
  3 jellies (D:5)
  22 orc priests
  A gnoll shaman (D:5)
  A human zombie (D:9)
  Crazy Yiuf (D:2)
  8 iguanas
  35 orc wizards
  A centaur simulacrum (D:9)
  3 mummies
  2 howler monkey zombies (D:9)
  12 gnolls
  10 adders
  4 shadow imps
  A white imp (D:5)
  A howler monkey simulacrum (D:9)
  An ufetubus (D:7)
  A worm (D:2)
  2 dart slugs (D:3)
  55 orcs
  5 ball pythons
  7 bats
  4 endoplasms
  A giant cockroach (D:2)
  9 goblins
  3 hobgoblins
  9 kobolds
  4 quokkas
  3 training dummies (Orc:2)
  2 frilled lizards
  5 rats
  10 fulminant prisms
916 creatures vanquished.

Vanquished Creatures (collateral kills)
  An orc sorcerer (Orc:1)
  A meliai (Spider:4)
  An orc priest (Orc:1)
  An orc (Orc:1)
4 creatures vanquished.

Vanquished Creatures (others)
  2 bushes
  A fire vortex (Lair:6)
  803 fulminant prisms
  74 fungi
  153 plants
  A withered plant (D:11)
1034 creatures vanquished.

Grand Total: 1954 creatures vanquished

Notes
Turn   | Place    | Note
-------+----------+-------------------------------------------
     0 | D:1      | Grinfader the Djinni Conjurer began the quest for the Orb.
     0 | D:1      | Reached XP level 1. HP: 15/15 MP: 0/0
   297 | D:1      | Reached XP level 2. HP: 13/22 MP: 0/0
   899 | D:1      | Reached skill level 1 in Armour
   939 | D:1      | Reached XP level 3. HP: 23/26 MP: 0/0
   939 | D:1      | Learned a level 1 spell: Sandblast
  1061 | D:1      | Reached skill level 1 in Fighting
  1418 | D:2      | Found a snail-covered altar of Cheibriados.
  1514 | D:2      | Found a faded altar of an unknown god.
  1799 | D:2      | Reached XP level 4. HP: 29/32 MP: 0/0
  2091 | D:2      | Found a runed translucent door.
  2092 | D:2      | Noticed Crazy Yiuf
  2220 | D:2      | Killed Crazy Yiuf
  2221 | D:2      | Reached skill level 4 in Spellcasting
  2348 | D:3      | Reached XP level 5. HP: 35/38 MP: 0/0
  2348 | D:3      | Learned a level 2 spell: Static Discharge
  3786 | D:4      | Reached XP level 6. HP: 40/44 MP: 0/0
  3965 | D:4      | Found Deeg's Armour Shoppe.
  4142 | D:4      | Found a staircase to the Ecumenical Temple.
  4149 | Temple   | Entered the Ecumenical Temple
  4208 | Temple   | Became a worshipper of Makhleb the Destroyer
  4541 | D:5      | Entered Level 5 of the Dungeon
  4880 | D:5      | Reached XP level 7. HP: 40/50 MP: 0/0
  4880 | D:5      | Learned a level 2 spell: Corpse Rot
  4889 | D:5      | Reached skill level 5 in Spellcasting
  4889 | D:5      | Noticed a water moccasin
  4895 | D:5      | Killed a water moccasin
  4899 | D:5      | Reached XP level 8. HP: 25/57 MP: 0/0
  5529 | D:4      | Bought a +1 robe of willpower for 165 gold pieces
  5651 | D:5      | Noticed a yak
  5667 | D:5      | Reached skill level 6 in Spellcasting
  5673 | D:5      | Killed a yak
  5782 | D:5      | Reached XP level 9. HP: 50/63 MP: 0/0
  5782 | D:5      | Learned a level 3 spell: Mephitic Cloud
  5798 | D:5      | Reached * piety under Makhleb
  6210 | D:6      | Reached skill level 5 in Armour
  6224 | D:6      | Reached skill level 5 in Fighting
  7026 | D:7      | Noticed Menkaure
  7030 | D:7      | Killed Menkaure
  7031 | D:7      | Reached skill level 7 in Spellcasting
  7213 | D:7      | Noticed a hornet
  7213 | D:7      | Noticed Joseph
  7226 | D:7      | Killed a hornet
  7226 | D:7      | Reached ** piety under Makhleb
  7227 | D:7      | Reached XP level 10. HP: 43/72 MP: 0/0
  7230 | D:7      | Killed Joseph
  7231 | D:7      | Reached skill level 5 in Stealth
  7560 | D:7      | Found a flagged portal.
  7803 | D:8      | Noticed Maggie
  7815 | D:8      | Killed Maggie
  7816 | D:8      | Reached skill level 8 in Spellcasting
  8721 | D:9      | Noticed a gargoyle
  8745 | D:9      | Killed a gargoyle
  8746 | D:9      | Reached XP level 11. HP: 32/79 MP: 0/0
  8746 | D:9      | Learned a level 4 spell: Passage of Golubria
  8859 | D:9      | Noticed a manticore
  8866 | D:9      | Killed a manticore
  8874 | D:9      | Found Fiquxker's Armour Emporium.
  8924 | D:9      | Noticed Erica
  8935 | D:9      | Killed Erica
  8936 | D:9      | Reached skill level 9 in Spellcasting
  8942 | D:9      | Found a staircase to the Orcish Mines.
  8982 | D:9      | Reached *** piety under Makhleb
  9001 | D:9      | Noticed a two-headed ogre
  9007 | D:9      | Killed a two-headed ogre
  9032 | D:9      | Reached skill level 5 in Dodging
  9086 | D:9      | Noticed a centaur warrior
  9097 | D:9      | Killed a centaur warrior
  9114 | D:9      | Reached skill level 1 in Invocations
  9243 | D:9      | Found a basalt altar of Yredelemnul.
  9379 | D:9      | Found a staircase to the Lair.
  9636 | Lair:1   | Entered Level 1 of the Lair of Beasts
  9885 | Lair:1   | Reached XP level 12. HP: 88/88 MP: 0/0
  9899 | Lair:1   | Reached skill level 10 in Spellcasting
 10646 | Lair:2   | Reached **** piety under Makhleb
 10761 | Lair:2   | Found a hole to the Spider Nest.
 11163 | Lair:3   | Reached skill level 5 in Invocations
 11322 | Lair:3   | Reached XP level 13. HP: 94/94 MP: 0/0
 11322 | Lair:3   | Learned a level 5 spell: Summon Mana Viper
 11325 | Lair:3   | Reached skill level 11 in Spellcasting
 11952 | Lair:4   | Found a staircase to the Shoals.
 12485 | Lair:5   | Reached skill level 10 in Fighting
 12603 | Lair:5   | Reached ***** piety under Makhleb
 12687 | Lair:5   | Identified the +0 robe of the Unbroken {Rampage rN+ Stlth-}
 12818 | Lair:5   | Noticed an eight-headed hydra
 12828 | Lair:5   | Killed an eight-headed hydra
 13351 | Lair:6   | Entered Level 6 of the Lair of Beasts
 13351 | Lair:6   | Noticed a six-headed hydra
 13353 | Lair:6   | Reached skill level 12 in Spellcasting
 13358 | Lair:6   | Killed a six-headed hydra
 13359 | Lair:6   | Reached XP level 14. HP: 96/103 MP: 0/0
 13454 | Lair:6   | Reached skill level 10 in Armour
 13841 | Lair:6   | Identified the +6 quarterstaff of the Conjuring Gods
                  | {antimagic, rElec rPois}
 13975 | Lair:6   | Found a staircase to the Slime Pits.
 14250 | Lair:6   | Reached ****** piety under Makhleb
 14251 | Lair:6   | Reached skill level 13 in Spellcasting
 14727 | Orc:1    | Entered Level 1 of the Orcish Mines
 14774 | Orc:1    | Noticed an orc warlord
 14798 | Orc:1    | Killed an orc warlord
 15135 | Orc:2    | Entered Level 2 of the Orcish Mines
 15139 | Orc:2    | Reached XP level 15. HP: 112/112 MP: 0/0
 15139 | Orc:2    | Learned a level 6 spell: Eringya's Noxious Bog
 15290 | Orc:2    | Found a staircase to the Elven Halls.
 15505 | Orc:2    | Found a frozen archway.
 15712 | Orc:2    | Found Qabeh's General Store.
 15712 | Orc:2    | Found Saowni's Magic Scroll Emporium.
 15713 | Orc:2    | Found Itryfoom's Antique Armour Shoppe.
 15717 | Orc:2    | Found Nuicups's Book Shoppe.
 15731 | Orc:2    | Bought a scroll of acquirement for 520 gold pieces
 15731 | Orc:2    | Acquired 1235 gold pieces
 16065 | Orc:2    | Found Enetesk's Firing Range.
 16246 | D:10     | Entered Level 10 of the Dungeon
 16282 | D:10     | Noticed Psyche
 16288 | D:10     | Killed Psyche
 17450 | D:11     | Reached skill level 14 in Spellcasting
 17605 | D:12     | Noticed Rupert
 17621 | D:12     | Killed Rupert
 17622 | D:12     | Reached skill level 1 in Evocations
 17760 | D:12     | Reached skill level 10 in Invocations
 17766 | D:12     | Noticed Lodul
 17780 | D:12     | Killed Lodul
 17876 | D:12     | Noticed Josephine
 17881 | D:12     | Killed Josephine
 17885 | D:12     | Reached XP level 16. HP: 120/120 MP: 0/0
 17930 | D:12     | Found a portal to a secret trove of treasure.
 18259 | D:13     | Noticed Kirke
 18273 | D:13     | Killed Kirke
 18443 | D:13     | Noticed Snorg
 18458 | D:13     | Killed Snorg
 18696 | D:14     | Found a flickering gateway to a bazaar.
 18701 | Bazaar   | Entered a bazaar
 18701 | Bazaar   | Found Hama's Armour Boutique.
 18701 | Bazaar   | Found Iwaehiwo's Antique Weapon Boutique.
 18701 | Bazaar   | Found Hefirr's Distillery.
 18701 | Bazaar   | Found Siude's Antique Armour Shop.
 18701 | Bazaar   | Found Buulleel's Armour Boutique.
 18714 | Bazaar   | Bought a +2 kite shield of fire resistance for 193 gold
                  | pieces
 18716 | Bazaar   | Bought a potion of heal wounds for 45 gold pieces
 18716 | Bazaar   | Bought 2 potions of heal wounds for 90 gold pieces
 18785 | D:14     | Reached skill level 1 in Shields
 19170 | D:14     | Found a gate to the Vaults.
 19772 | D:15     | Entered Level 15 of the Dungeon
 20121 | D:15     | Reached skill level 15 in Spellcasting
 20273 | D:15     | Reached XP level 17. HP: 110/127 MP: 0/0
 20273 | D:15     | Learned a level 7 spell: Enfeeble
 20542 | D:15     | Found a staircase to the Depths.
 20976 | Spider:1 | Entered Level 1 of the Spider Nest
 21009 | Spider:1 | Reached skill level 5 in Shields
 21219 | Spider:1 | Found a runed translucent door.
 21221 | Spider:1 | Noticed cheburek's ghost (adept TrFi)
 21509 | Spider:1 | Identified the +0 scale mail "Meloma" {+Blink rPois rC+}
 21649 | Spider:1 | Identified the +4 trident "Taext" {flame, rF+ Stlth+}
 21733 | Spider:2 | Noticed Asterion
 21818 | Spider:2 | Noticed Jorgrun
 21827 | Spider:2 | Killed Jorgrun
 21829 | Spider:2 | Killed Asterion
 22131 | Spider:3 | Noticed Bai Suzhen
 22334 | Spider:3 | Killed Bai Suzhen
 22335 | Spider:3 | Reached XP level 18. HP: 101/135 MP: 0/0
 22508 | Spider:3 | Noticed Nikola
 22528 | Spider:3 | Killed Nikola
 22812 | Spider:3 | Identified the ring "Etar" {rF+ Slay+5}
 23101 | Spider:4 | Entered Level 4 of the Spider Nest
 23246 | Spider:4 | Reached skill level 16 in Spellcasting
 23382 | Spider:4 | Noticed Donald
 23418 | Spider:4 | Killed Donald
 24019 | Spider:4 | Identified the -5 hat of the Moon {rF- rCorr Str+7 Slay+2}
 24377 | Spider:4 | Got a gossamer rune of Zot
 24704 | Shoals:1 | Entered Level 1 of the Shoals
 24924 | Shoals:1 | Reached skill level 10 in Dodging
 25128 | Shoals:1 | Found Otigedikh's Armour Shoppe.
 25274 | Shoals:1 | Reached XP level 19. HP: 136/142 MP: 0/0
 25274 | Shoals:1 | Learned a level 7 spell: Spellforged Servitor
 25765 | Shoals:2 | Noticed Ilsuiw
 25777 | Shoals:2 | Reached skill level 15 in Fighting
 25793 | Shoals:2 | Noticed Aizul
 25794 | Shoals:2 | Found a flickering gateway to a bazaar.
 25796 | Shoals:2 | Found Fulogaqu's Jewellery Emporium.
 25812 | Shoals:2 | HP: 3/143 [Ilsuiw/shard of ice (21)]
 25812 | Shoals:2 | Killed from afar by Aizul

Illustrated notes

Levels and vault maps discovered:
D:1:      lightli_arrival_lavapool, layout_loops_ring
D:2:      layout_loops_ring, basic_altar, shapermc_ecumenical_altar_pompeii,
          minmay_misc_feat_square, uniq_crazy_yiuf_cottage
D:3:      layout_loops_ring, corexii_shack
D:4:      layout_cave_pools, minmay_temple_entry_crystal_x,
          hangedman_feature_mirror, kennysheep_small_spiral,
          nicolae_take_the_stairs
D:5:      minmay_polygon_palace, layout_basic
D:6:      layout_loops_ring, kennysheep_diamond, serial_bayou_crossing
D:7:      layout_loops_ring, enter_bailey_7, nicolae_fountain_basement,
          uniq_menkaure, uniq_joseph
D:8:      layout_basic, item_on_display_a, uniq_maggie
D:9:      kennysheep_blocky_room, layout_irregular_city,
          lemuel_mausoleum_altar_yredelemnul, david_lair_shrubbed, serial_shops,
          shop, hex_medium, serial_bayou_pond_e, uniq_erica
D:10:     minmay_blocky_corners, layout_basic, serial_bayou_pond_c,
          hangedman_misty_isle, uniq_psyche
D:11:     layout_roguey, serial_undead, serial_undead_d, serial_undead_b,
          serial_undead_d, serial_undead_a, minmay_misc_feat_encased
D:12:     layout_cave_pools, trove_entry_hex_spiral, uniq_rupert, uniq_lodul,
          uniq_josephine
D:13:     layout_gridville, uniq_snorg, uniq_kirke
D:14:     layout_basic, skrybe_vaults_entry_preservation, serial_shops,
          bzr_entry_road
D:15:     hangedman_depths_entry_civil_slaughter, layout_rooms
Temple:   mainiacjoe_temple_hex_bubbles
Lair:1:   layout_big_grid
Lair:2:   layout_regular_city, spider_nest_entry_a, basic_altar,
          grunt_forest_small_clearing_treed
Lair:3:   layout_layer_cave
Lair:4:   layout_cellular_growth, minmay_shoals_entry_beasts
Lair:5:   layout_loops_ring, beast_lair_carwin_11, infiniplex_staircase_pool,
          serial_bayou_shore_a
Lair:6:   grunt_lair_end_beastmaster, layout_gridlike,
          minmay_slime_entry_oklob_open
Shoals:1: layout_shoals, serial_shops, shop_fountains
Shoals:2: layout_shoals, serial_shops, bzr_entry_islet, nicolae_shop_trees,
          shop, shop_statue, uniq_polyphemus, uniq_aizul, uniq_ilsuiw
Spider:1: nicolae_spider_mines_2, ebering_ghost_inner_flame,
          hangedman_spider_tarantella_strand
Spider:2: layout_spider_delve, uniq_jorgrun, uniq_asterion
Spider:3: layout_spider_delve, uniq_nikola, uniq_bai_suzhen
Spider:4: guppyfry_spider_rune, nicolae_spider_swamp_cousins, uniq_donald
Orc:1:    layout_diamond_mine
Orc:2:    st_orc_mages, layout_caves, portal_ice_cave_entry_pillars_1,
          nicolae_shop_firing_range

Skill      XL: |  1  2  3  4  5  6  7  8  9 10 11 12 13 14 15 16 17 18 19 |
---------------+----------------------------------------------------------+-----
Armour         | 1 2 3 4 5 6 7 8 9 10 | 10.0
Fighting       | 1 2 3 4 5 7 8 9 10 11 12 13 14 15 | 15.0
Spellcasting   | 4 5 6 7 8 9 10 12 13 14 15 16 | 16.7
Stealth        | 2 3 4 6 7 8 |  8.0
Dodging        | 3 5 7 8 10 | 10.4
Invocations    | 2 5 7 8 10 | 10.0
Evocations     | 2 3 |  3.0
Shields        | 4 7 9 |  9.8

Action                   |  1- 3 |  4- 6 |  7- 9 | 10-12 | 13-15 | 16-18 | 19-21 || total
-------------------------+-------+-------+-------+-------+-------+-------+-------++-------
Melee: Spear             |    16 |       |       |       |       |       |       ||    16
       Long sword        |     1 |    18 |    14 |       |     1 |     1 |       ||    35
 Cast: Magic Dart        |    57 |    97 |    42 |     4 |     2 |       |       ||   202
       Fulminant Prism   |       |     2 |    46 |   126 |   310 |   312 |    19 ||   815
       Iskenderun's Myst |       |       |    28 |    80 |   210 |   316 |    13 ||   647
       Mephitic Cloud    |       |       |     4 |    12 |    20 |    38 |     3 ||    77
       Corpse Rot        |       |       |     1 |       |       |       |       ||     1
       Summon Mana Viper |       |       |       |       |     4 |     1 |       ||     5
       Searing Ray       |       |       |       |       |     2 |       |       ||     2
       Eringya's Noxious |       |       |       |       |     2 |    22 |     5 ||    29
Evoke: Lightning rod     |       |       |       |       |       |       |     1 ||     1
  Use: Scroll            |     4 |     8 |     8 |     8 |     6 |     7 |     4 ||    45
       Potion            |       |       |     2 |       |     1 |     5 |       ||     8
Armor: Robe              |    13 |     5 |    10 |     1 |       |       |       ||    29
       Steam dragon scal |       |       |       |    10 |    19 |    81 |       ||   110
       Leather armour    |       |       |       |       |       |     2 |     3 ||     5
Dodge: Dodged            |    15 |    22 |    24 |    11 |    57 |   149 |    11 ||   289
Block: Other             |       |       |     3 |       |       |       |       ||     3
       Kite shield       |       |       |       |       |       |   114 |    11 ||   125

Table legend: (Time is in decaauts)
 A = Elapsed time spent in this place.
 B = Non-inter-level travel time spent in this place.
 C = Inter-level travel time spent in this place.
 D = Time resting spent in this place.
 E = Time spent auto-exploring this place.
 F = Levels seen in this place.
 G = Mean time per level.
                   A        B        C        D        E       F      G
               +--------+--------+--------+--------+--------+-----+--------+
         Total |  25873 |  24241 |   1632 |   2773 |  15678 |  31 |  834.6 |
       Dungeon |  14221 |  13459 |    762 |   1852 |   8909 |  15 |  948.1 |
        Temple |     83 |     59 |     24 |      0 |     55 |   1 |   83.0 |
          Lair |   5265 |   4840 |    425 |    157 |   3431 |   6 |  877.5 |
        Shoals |   1106 |   1094 |     12 |     55 |    694 |   2 |  553.0 |
   Spider Nest |   3656 |   3400 |    256 |    656 |   1756 |   4 |  914.0 |
  Orcish Mines |   1507 |   1356 |    151 |     53 |    833 |   2 |  753.5 |
        Bazaar |     31 |     31 |      0 |      0 |      0 |   1 |   31.0 |
               +--------+--------+--------+--------+--------+-----+--------+

Top non-repeatable levels by time:
     D:5: 1524 daAuts
    D:14: 1382 daAuts
     D:1: 1336 daAuts
     D:3: 1282 daAuts
Spider:4: 1281 daAuts
  Lair:6: 1238 daAuts
     D:2: 1157 daAuts
     D:9: 1088 daAuts
Spider:3: 1069 daAuts
   Orc:2: 1061 daAuts
Shoals:1: 1057 daAuts
  Lair:4: 965 daAuts
  Lair:5: 907 daAuts
     D:8: 869 daAuts
     D:6: 840 daAuts
